 Dungeon Crawl Stone Soup version 0.28-a0-895-g6e5f11bd55 (webtiles) character file.

Game seed: 16355668356059080199

613 orbtoucher the Bolt Thrower (level 7, 0/63 HPs)
             Began as a Naga Arcane Marksman on Nov 22, 2021.
             Slain by a water moccasin skeleton (5 damage)
             ... on level 4 of the Dungeon.
             The game lasted 00:13:37 (5540 turns).

orbtoucher the Bolt Thrower (Naga Arcane Marksman)  Turns: 5540, Time: 00:13:37

Health: 0/63       AC:  5    Str: 13    XL:     7   Next: 44%
Magic:  8/8        EV:  8    Int: 15    God:
Gold:   173        SH:  0    Dex: 11    Spells: 4/8 levels left

rFire   . . .      SeeInvis +   b - +0 trident
rCold   . . .      Faith    .   (no shield)
rNeg    . . .      Spirit   .   t - +0 ring mail
rPois   +          Reflect  .   d - +0 helmet
rElec   .          Harm     .   (no cloak)
rCorr   .          Rampage  .   (no gloves)
Will    .....                   (no barding)
Stlth   ++........              (no amulet)
HPRegen 0.20/turn               (no ring)
MPRegen 0.11/turn               (no ring)

@: short of breath, very slow
A: AC +2, large, see invisible, deformed body, poison resistance, slowness 2,
spit poison 1, naga tail 1
a: Spit Poison


You were on level 4 of the Dungeon.
You visited 1 branch of the dungeon, and saw 5 of its levels.

You collected 173 gold pieces.

Inventory:

Hand Weapons
 a - a +0 arbalest
 b - a +0 trident (weapon)
 k - a +4 long sword
 m - a +0 hand crossbow
 w - a +0 dagger
Missiles
 o - 30 stones (quivered)
Armour
 d - a +0 helmet (worn)
 g - a +0 pair of gloves of stealth
 n - a +3 leather armour
 t - a +0 ring mail (worn)
Jewellery
 i - a ring of willpower
Scrolls
 f - a scroll of blinking {unknown}
 h - a scroll of amnesia {unknown}
 j - a scroll of holy word {unknown}
 l - 5 scrolls of identify {unknown}
 p - a scroll of noise {unknown}
 r - a scroll of vulnerability {unknown}
Potions
 e - a potion of lignification


   Skills:
 + Level 3.7 Fighting
 * Level 5.1 Crossbows
 - Level 2.0 Dodging
 - Level 4.0 Stealth
 - Level 1.0 Spellcasting
 + Level 4.1 Hexes


You had 4 spell levels left.
You knew the following spells:

 Your Spells              Type           Power      Damage    Failure   Level
a - Slow                  Hex            52%        N/A       10%         1
b - Portal Projectile     Hex/Tloc       14%        N/A       56%         3

Your spell library contained the following spells:

 Spells                   Type           Power      Damage    Failure   Level
 Inner Flame              Hex/Fire       7%         N/A       56%         3
 Cause Fear               Hex            6%         N/A       67%         4
 Mephitic Cloud           Conj/Pois/Air  0%         N/A       85%         3
 Olgreb's Toxic Radiance  Pois           0%         N/A       99%         4
 Summon Ice Beast         Ice/Summ       0%         N/A       99%         4
 Ozocubu's Refrigeration  Ice            0%         4d5       100%        7


Dungeon Overview and Level Annotations

Branches:
Dungeon (5/15)
 Temple: D:4-7

Altars:

Shops:
D:2 =

Annotations:
D:2 1 runed translucent door, exclusion: door, Crazy Yiuf, Sigmund
D:3 exclusion: downstairs
D:5 Duvessa


Innate Abilities, Weirdness & Mutations

Your serpentine skin is tough. (AC +2)
You have supernaturally acute eyesight. (SInv)
Armour fits poorly on your strangely shaped body.
Your system is resistant to poisons. (rPois)
You cover ground very slowly.
You can spit poison.
You have a snake-like lower body.


Message History

Unknown command.
The gnoll hits you with a +0 club.
You have got your breath back.
The gnoll hits you with a +0 club. The gnoll closely misses you.
The gnoll hits you from afar with a +0 spear.
The gnoll looks more healthy.
The gnoll hits you with a +0 club. The gnoll closely misses you.
Press: ? - help, Shift-Dir - straight line, f - gnoll
Aim: a gnoll, wielding a +0 club (lightly wounded)
The splash of poison hits the gnoll!
The gnoll is poisoned.
The gnoll is severely wounded.
The gnoll hits you with a +0 club.
The gnoll hits you from afar with a +0 spear.
Unknown command.
Unknown command.
Unknown command.
b - a +0 trident (weapon)
You puncture the gnoll!
You kill the gnoll!
The gnoll hits you from afar with a +0 spear.
The gnoll hits you from afar with a +0 spear!
You are too injured to fight recklessly!
You are too injured to fight recklessly!
You are too injured to fight recklessly!
Unknown command.
You have got your breath back.
The gnoll hits you from afar with a +0 spear. x3
* * * LOW HITPOINT WARNING * * *
The gnoll hits you from afar with a +0 spear!
* * * LOW HITPOINT WARNING * * *
The water moccasin skeleton bites you.
* * * LOW HITPOINT WARNING * * *
Press: ? - help, Shift-Dir - straight line, f - water moccasin skeleton
Aim: a water moccasin skeleton (heavily damaged)
The splash of poison hits the water moccasin skeleton.
The water moccasin skeleton completely resists.
The water moccasin skeleton is heavily damaged.
The gnoll barely misses you. The water moccasin skeleton bites you.
You die...

. .....(........ ... ..
#.............. .. ..
.##...............###
... .(...............##.
#..##...#...........#..
##.>...†##...........#..
.........#..............
..(...#.Z...............
#...( #@##gg............
#......#.#).........>...
(.#......g.#..#.....##..
......##...####.........
.....# #..## #.........
##... #..# ###.......
#... #.## ###..... ....
..# #...... ..## #..#..#


You could see a gnoll and a water moccasin skeleton.

Vanquished Creatures
  A yak (D:3)
  A sky beast (D:5)
  A phantom (D:3)
  A scorpion (D:4)
  A hound (D:5)
  A centaur skeleton (D:4)
  Terence (D:3)
  Robin (D:3)
  A gnoll (D:4)
  6 adders
  4 dart slugs
  5 orcs (D:5)
  6 ball pythons
  7 endoplasms
  A giant cockroach (D:2)
  13 goblins
  9 hobgoblins
  4 jackals (D:3)
  4 quokkas
  A bat (D:3)
  2 frilled lizards (D:2)
  8 kobolds
  5 rats
84 creatures vanquished.

Notes
Turn   | Place    | Note
-------+----------+-------------------------------------------
     0 | D:1      | orbtoucher the Naga Arcane Marksman began the quest for the
                  | Orb.
     0 | D:1      | Reached XP level 1. HP: 18/18 MP: 2/2
   171 | D:1      | Reached skill level 2 in Crossbows
   219 | D:1      | Reached skill level 1 in Stealth
   219 | D:1      | Reached XP level 2. HP: 20/25 MP: 3/3
   401 | D:1      | Got the Tome of the Frostbite and Poisoning
   732 | D:1      | Reached XP level 3. HP: 30/31 MP: 4/4
  1047 | D:2      | Learned a level 3 spell: Portal Projectile
  1336 | D:2      | Found a faded altar of an unknown god.
  1505 | D:2      | Found a runed translucent door.
  1506 | D:2      | Noticed Crazy Yiuf
  1508 | D:2      | Noticed Sigmund
  1643 | D:2      | Found Qom Ceeb's Jewellery Emporium.
  1846 | D:3      | Reached XP level 4. HP: 36/39 MP: 5/5
  1901 | D:3      | Noticed Robin
  1907 | D:3      | Reached skill level 3 in Crossbows
  1908 | D:3      | Killed Robin
  2065 | D:3      | Noticed Terence
  2068 | D:3      | Killed Terence
  2069 | D:3      | Reached XP level 5. HP: 45/45 MP: 6/6
  3077 | D:4      | Noticed a yak
  3077 | D:4      | Noticed a yak
  3642 | D:4      | Reached XP level 6. HP: 55/55 MP: 7/7
  3762 | D:4      | Noticed a yak
  3763 | D:4      | Noticed a yak
  3763 | D:4      | Noticed a yak
  3777 | D:3      | HP: 1/55 [yak (15)]
  3788 | D:3      | Killed a yak
  3789 | D:3      | Reached skill level 4 in Crossbows
  4187 | D:5      | Entered Level 5 of the Dungeon
  4189 | D:5      | Noticed Duvessa
  4367 | D:5      | Noticed a sky beast
  4381 | D:5      | Killed a sky beast
  4382 | D:5      | Reached XP level 7. HP: 18/62 MP: 8/8
  5140 | D:3      | Reached skill level 5 in Crossbows
  5540 | D:4      | Slain by a water moccasin skeleton

Illustrated notes

Levels and vault maps discovered:
D:1:      dpeg_arrival_windows_large_door, layout_loops_ring
D:2:      layout_basic, shapermc_ecumenical_altar_totnotflames, serial_shops,
          shop, uniq_crazy_yiuf_cottage, uniq_sigmund
D:3:      layout_basic, uniq_robin, uniq_terence
D:4:      layout_cave_pools, small_statue_intersection
D:5:      layout_loops_ring, mainiacjoe_overflow_six_doors_small,
          minmay_temple_entry_large_hall, uniq_duvessa

Skill      XL: |  1  2  3  4  5  6  7 |
---------------+----------------------+-----
Crossbows      | 2 3 4 5 |  5.1
Stealth        | 1 2 3 4 |  4.0
Dodging        | 2 |  2.0
Fighting       | 2 3 |  3.7
Hexes          | 4 |  4.1
Spellcasting   | |  1.0

Action                   |  1- 3 |  4- 6 |  7- 9 || total
-------------------------+-------+-------+-------++-------
Melee: Spear             |       |    17 |       ||    17
       Trident           |       |    32 |    16 ||    48
 Fire: Hand crossbow     |    23 |       |       ||    23
       Arbalest          |    17 |    59 |    23 ||    99
 Abil: Spit Poison       |    23 |    25 |    11 ||    59
  Use: Potion            |       |     5 |       ||     5
Armor: Robe              |     6 |    16 |       ||    22
       Ring mail         |       |     9 |    16 ||    25
       Skin              |       |     8 |       ||     8
Dodge: Dodged            |    12 |    65 |    27 ||   104

Table legend: (Time is in decaauts)
 A = Elapsed time spent in this place.
 B = Non-inter-level travel time spent in this place.
 C = Inter-level travel time spent in this place.
 D = Time resting spent in this place.
 E = Time spent auto-exploring this place.
 F = Levels seen in this place.
 G = Mean time per level.
                   A        B        C        D        E       F      G
               +--------+--------+--------+--------+--------+-----+--------+
         Total |   6650 |   6331 |    319 |   2462 |   2920 |   5 | 1330.0 |
       Dungeon |   6650 |   6331 |    319 |   2462 |   2920 |   5 | 1330.0 |
               +--------+--------+--------+--------+--------+-----+--------+

Top non-repeatable levels by time:
     D:3: 3022 daAuts
     D:1: 1192 daAuts
     D:2: 1169 daAuts
     D:5: 870 daAuts
     D:4: 395 daAuts
